 Dungeon Crawl Stone Soup version 0.21-a0-185-g3a6ed1e (webtiles) character file.

14709 TorpidVirus the Carver (level 11, 0/95 HPs)
             Began as a Centaur Berserker on Aug 12, 2017.
             Was a High Priest of Trog.
             Slain by a sixfirhy (7 damage)
             ... led by a cacodemon
             ... on level 1 of the Abyss.
             The game lasted 00:29:51 (15046 turns).

TorpidVirus the Carver (Centaur Berserker)         Turns: 15046, Time: 00:29:52

Health: 0/95       AC: 13    Str: 19    XL:     11   Next: 92%
Magic:  11/11      EV:  5    Int:  6    God:    Trog [*****.]
Gold:   1063       SH:  0    Dex: 13    Spells: 10/10 levels left

rFire    + . .     SeeInvis .   b - +1 great sword (slice)
rCold    . . .     Gourm    +   (shield currently unavailable)
rNeg     . . .     Faith    .   O - +0 plate armour
rPois    .         Spirit   .   h - +0 helmet
rElec    .         Reflect  .   y - scarf {repulsion}
rCorr    +         Harm     .   s - +0 pair of gloves
MR       .....                  (no barding)
Stlth    ..........             t - amulet of the gourmand
HPRegen  0.25/turn              n - ring of protection from fire
MPRegen  0.12/turn              L - ring of resist corrosion

@: slowed, repel missiles
A: hooves 3, deformed body, speed 2, tough skin 3
a: Berserk, Trog's Hand, Brothers in Arms, Burn Spellbooks, Renounce Religion


You were on level 1 of the Abyss.
You worshipped Trog.
Trog was extremely pleased with you.
You were full.

You visited 1 branch of the dungeon, and saw 11 of its levels.
You visited the Abyss 1 time.
You also visited: Sewer.

You collected 1762 gold pieces.
You spent 699 gold pieces at shops.

Inventory:

Hand Weapons
 b - a +1 great sword of slicing (weapon)
 B - a +0 shortbow
 Q - a +4 great sword
Missiles
 m - 246 arrows
Armour
 h - a +0 helmet (worn)
 s - a +0 pair of gloves (worn)
 y - a scarf of repulsion (worn)
 G - a +2 cloak
 O - a +0 plate armour (worn)
Jewellery
 n - a ring of protection from fire (left hand)
 t - an amulet of the gourmand (around neck)
 A - an uncursed ring of flight
 L - a ring of resist corrosion (right hand)
 P - an uncursed ring of protection from fire
Wands
 u - a wand of confusion (32/48)
 S - a wand of flame (19/48)
Scrolls
 d - 6 scrolls of teleportation
 g - 3 scrolls of blinking
 k - 4 scrolls of remove curse
 l - 3 scrolls of amnesia {unknown}
 o - 3 scrolls of fear {unknown}
 q - 3 scrolls of fog
 x - 2 scrolls of torment {unknown}
 C - 2 scrolls of noise {unknown}
 E - a scroll of enchant weapon
 I - a scroll of recharging {unknown}
 T - a scroll of immolation {unknown}
 U - a scroll of magic mapping {unknown}
 V - a scroll of holy word {unknown}
 W - a scroll of summoning {unknown}
Potions
 a - a potion of might {unknown}
 e - 3 potions of brilliance {unknown}
 f - 2 potions of heal wounds
 i - 3 potions of degeneration {unknown}
 j - 2 potions of berserk rage {unknown}
 r - 3 potions of curing
 w - 4 potions of flight
 D - 4 potions of mutation {unknown}
 F - 2 potions of haste {unknown}
 H - 2 potions of lignification {unknown}
 J - 2 potions of cancellation {unknown}
Comestibles
 c - 9 bread rations
 p - 3 meat rations
 v - 2 royal jellies
 X - 2 fruits


   Skills:
 + Level 8.3 Fighting
 + Level 12.0 Long Blades
 * Level 10.6 Bows
 + Level 6.7 Armour
 + Level 3.0 Dodging


You had 10 spell levels left.
You didn't know any spells.

Dungeon Overview and Level Annotations

Branches:
Dungeon (11/15)            Temple (0/1) D:6            Lair (0/6) D:11
    Orc (0/2) D:10

Altars:
Ashenzari
Dithmenos
Fedhas
Kikubaaqudgha
Okawaru
Qazlal
Sif Muna
Trog
Uskayaw
Vehumet
Wu Jian
Yredelemnul
Zin
The Shining One

Shops:
D:8 ?   D:9 ?

Annotations:
D:11 Sonja


Innate Abilities, Weirdness & Mutations

You have hooves in place of feet.
Armour fits poorly on your strangely shaped body.
You cover ground very quickly.
You have extremely tough skin. (AC +3)


Message History

The orange demon stings you from afar.
* * * LOW HITPOINT WARNING * * *
An orange demon comes into view.
Unknown command.
You feel better. The sixfirhy hits you. The sixfirhy shocks you!
* * * LOW HITPOINT WARNING * * *
The orange demon stings you but does no damage.
An orange demon comes into view.
Unknown command.
The orange demon screeches!
The cacodemon gestures next to you.
Some rock shatters into small pieces.
Unknown command.
The sixfirhy hits you!
* * * LOW HITPOINT WARNING * * *
The sixfirhy shocks you!
* * * LOW HITPOINT WARNING * * *
The sixfirhy hits you but does no damage.
The sixfirhy hits you!
You die...

....... ..... .....
....... ##....# ...#.
...... .#...#.# . .#
#.... ....#..# #...#
#....###.#.#.#### .##
..#...............##....
.............._...#..##
.......@#.........#.....
........3.4.......#. .#
..#...............'. ..
##...#.2........##.
#................# ..
........##########.....
......44## #....
........ ##### .#....#


You could see a cacodemon, 2 orange demons and a sixfirhy.

Vanquished Creatures
  6 two-headed ogres
  A centaur warrior (D:8)
  The ghost of temujin the Destroyer, a journeyman DEFE of Vehumet (D:11)
  An ugly thing (D:11)
  Joseph (D:7)
  A hornet (D:11)
  A troll (D:8)
  5 hippogriffs
  A wyvern (D:8)
  A vampire (D:9)
  4 yaks (D:10)
  3 hungry ghosts
  Duvessa (D:7)
  2 water moccasins (D:9)
  3 ice beasts
  6 orc warriors
  A sky beast (D:8)
  A black bear (D:8)
  A necrophage (D:7)
  4 phantoms
  3 centaurs
  6 ogres
  A crocodile (D:8)
  4 big kobolds
  10 bullfrogs
  Dowan (D:7)
  4 scorpions
  A troll zombie (D:10)
  8 killer bees (D:9)
  5 howler monkeys
  3 crimson imps
  A quasit (D:5)
  A centaur zombie (D:11)
  8 hounds
  3 jellies
  9 orc priests
  12 orc wizards
  3 bullfrog skeletons
  3 iguanas
  12 worker ants
  2 ogre zombies (D:10)
  2 hound zombies (D:5)
  3 worker ant zombies
  12 gnolls
  8 adders
  2 river rats (Sewer)
  A shadow imp (D:9)
  An ooze (D:5)
  An adder zombie (D:5)
  6 worms
  11 leopard geckos
  49 orcs
  2 giant cockroaches
  6 goblins
  A hobgoblin (D:1)
  15 jackals
  7 quokkas
  3 ball pythons
  11 bats
  18 frilled lizards
  A giant cockroach zombie (D:4)
  A hobgoblin skeleton (D:10)
  2 hobgoblin zombies (D:10)
  2 jackal skeletons
  18 kobolds
  3 orc skeletons (D:10)
  11 orc zombies (D:10)
  A quokka skeleton (D:8)
  10 rats
353 creatures vanquished.

Vanquished Creatures (collateral kills)
  A hungry ghost (D:10)
  3 ogre zombies (D:10)
  2 orc zombies (D:10)
6 creatures vanquished.

Grand Total: 359 creatures vanquished

Notes
Turn   | Place    | Note
-------+----------+-------------------------------------------
     0 | D:1      | TorpidVirus the Centaur Berserker began the quest for the Orb.
     0 | D:1      | Reached XP level 1. HP: 19/19 MP: 1/1
   107 | D:1      | Reached skill level 3 in Long Blades
   337 | D:1      | Reached XP level 2. HP: 26/26 MP: 2/2
   490 | D:1      | Reached ** piety under Trog
   693 | D:1      | Reached XP level 3. HP: 30/31 MP: 3/3
  1310 | D:2      | Found a shadowy altar of Dithmenos.
  1323 | D:2      | Reached XP level 4. HP: 35/38 MP: 4/4
  1527 | D:2      | Found a shattered altar of Ashenzari.
  1527 | D:2      | Found an ancient bone altar of Kikubaaqudgha.
  1538 | D:2      | Found a bloodstained altar of Trog.
  1728 | D:2      | Reached *** piety under Trog
  1771 | D:3      | Reached skill level 4 in Long Blades
  1777 | D:3      | Reached XP level 5. HP: 46/46 MP: 5/5
  2281 | D:3      | Received a gift from Trog
  2292 | D:3      | Found an iron altar of Okawaru.
  2496 | D:4      | Found a glowing drain.
  2538 | Sewer    | Entered a sewer
  2554 | Sewer    | Reached skill level 5 in Long Blades
  2679 | Sewer    | Reached XP level 6. HP: 50/52 MP: 6/6
  2706 | Sewer    | Found a glowing silver altar of Zin.
  3245 | D:4      | Reached skill level 6 in Long Blades
  3491 | D:4      | Reached XP level 7. HP: 59/59 MP: 7/7
  3594 | D:4      | Reached **** piety under Trog
  3979 | D:5      | Entered Level 5 of the Dungeon
  3983 | D:5      | Found a blossoming altar of Fedhas.
  4350 | D:5      | Reached skill level 1 in Bows
  4398 | D:5      | Reached skill level 7 in Long Blades
  4464 | D:5      | Found a hide-covered altar of Uskayaw.
  4464 | D:5      | Noticed a dagger
  4464 | D:5      | Noticed a dagger
  4482 | D:5      | Reached XP level 8. HP: 51/67 MP: 8/8
  4755 | D:5      | Got a twisted leather armour
  4766 | D:5      | Identified the +1 leather armour "Ynaolea" {Stlth+} (You found it on level 5 of the Dungeon)
  4895 | D:5      | Found an ornate altar of the Wu Jian Council.
  5277 | D:5      | Found a glowing golden altar of the Shining One.
  5750 | D:6      | Reached skill level 5 in Fighting
  5757 | D:6      | Reached skill level 8 in Long Blades
  5985 | D:6      | Reached XP level 9. HP: 60/74 MP: 9/9
  6715 | D:6      | Found a staircase to the Ecumenical Temple.
  6863 | D:6      | Reached skill level 5 in Bows
  7199 | D:7      | Found a radiant altar of Vehumet.
  7211 | D:7      | Noticed Dowan
  7213 | D:7      | Noticed Duvessa
  7219 | D:7      | Killed Duvessa
  7227 | D:7      | Noticed Joseph
  7227 | D:7      | Killed Dowan
  7227 | D:7      | Reached ***** piety under Trog
  7232 | D:7      | Received a gift from Trog
  7246 | D:7      | Killed Joseph
  7246 | D:7      | Reached skill level 9 in Long Blades
  8641 | D:7      | Reached XP level 10. HP: 7/82 MP: 10/10
  9214 | D:8      | Found Duaresh's Magic Scroll Shop.
  9226 | D:8      | Received a gift from Trog
  9290 | D:8      | Bought a scroll of blinking for 75 gold pieces
  9425 | D:8      | Found a basalt altar of Yredelemnul.
  9475 | D:8      | Found a glowing silver altar of Zin.
  9513 | D:8      | Found a deep blue altar of Sif Muna.
 10043 | D:8      | Noticed a centaur warrior
 10056 | D:8      | Killed a centaur warrior
 10056 | D:8      | Reached skill level 10 in Long Blades
 10056 | D:8      | Reached skill level 5 in Armour
 10244 | D:8      | Noticed a two-headed ogre
 10254 | D:8      | Killed a two-headed ogre
 10842 | D:9      | Noticed a two-headed ogre
 10850 | D:9      | Killed a two-headed ogre
 10850 | D:9      | Reached XP level 11. HP: 41/90 MP: 11/11
 10886 | D:9      | Found a stormy altar of Qazlal.
 11533 | D:9      | Received a gift from Trog
 11538 | D:9      | Reached skill level 11 in Long Blades
 11783 | D:9      | Found Zyukhax's Magic Scroll Emporium.
 12325 | D:10     | Entered Level 10 of the Dungeon
 12536 | D:10     | Found a staircase to the Orcish Mines.
 12820 | D:10     | Noticed a two-headed ogre
 12827 | D:10     | Killed a two-headed ogre
 13698 | D:9      | Bought a scroll of acquirement for 624 gold pieces
 13760 | D:11     | Noticed temujin's ghost (journeyman DEFE)
 13770 | D:11     | Killed temujin's ghost
 13954 | D:11     | Reached skill level 10 in Bows
 13965 | D:11     | Paralysed by a hornet for 2 turns
 14054 | D:11     | Noticed a two-headed ogre
 14057 | D:11     | Noticed a white ugly thing
 14059 | D:11     | Killed a two-headed ogre
 14062 | D:11     | Received a gift from Trog
 14067 | D:11     | Killed a white ugly thing
 14178 | D:11     | Found a staircase to the Lair.
 14407 | D:11     | Noticed a two-headed ogre
 14414 | D:11     | Killed a two-headed ogre
 14805 | D:11     | Noticed a two-headed ogre
 14808 | D:11     | Killed a two-headed ogre
 14860 | D:11     | Reached skill level 12 in Long Blades
 14911 | D:11     | Noticed Sonja
 14996 | D:11     | Cast into level 1 of the Abyss (Sonja)
 14996 | Abyss:1  | Found a corrupted altar of Lugonu.
 15039 | Abyss:1  | Noticed a cacodemon
 15041 | Abyss:1  | Noticed a sixfirhy
 15046 | Abyss:1  | Slain by a sixfirhy

Vault maps used:
D:1:      dpeg_arrival_oval, minmay_lizard_king
D:2:      old_standard_altar, gammafunk_temple_overflow_claw
D:3:      marbit_many_paths
D:4:      cheibrodos_sewer_entry_bend
D:5:      cheibrodos_fzero, lemuel_round_altar, old_standard_altar, tso_altar,
          dancing_weapons_uskayaw, first_bread
D:6:      minmay_temple_entry_statues_fountains, hangedman_decor_opposing
D:7:      vehumet_crystals, hangedman_abyss_or_decor_stabs, uniq_duvessa,
          uniq_joseph
D:8:      minmay_the_grid_plus, zin_statuary, led_sif_book, basic_altar,
          serial_shops, shop
D:9:      basic_altar, serial_shops, nicolae_shop_stone
D:10:     zombieorc1_lemuel
D:11:     lair_entry_dummy, hangedman_little_slice_of_home,
          kennysheep_generic_room_14, uniq_sonja
Sewer:    sewer_kobolds

Skill      XL: |  1  2  3  4  5  6  7  8  9 10 11 |
---------------+----------------------------------+-----
Long Blades    | 3 4 5 6 7 8 9 10 12 | 12.0
Dodging        | 2 3 |  3.0
Fighting       | 4 5 6 7 8 |  8.3
Armour         | 2 3 4 5 6 |  6.7
Bows           | 2 4 6 8 10 | 10.6

Action                   |  1- 3 |  4- 6 |  7- 9 | 10-12 || total
-------------------------+-------+-------+-------+-------++-------
Melee: Falchion          |   109 |   200 |     7 |       ||   316
       Kick              |    22 |    46 |    90 |   112 ||   270
       Long sword        |       |       |   307 |       ||   307
       Great sword       |       |       |    45 |   315 ||   360
 Fire: Shortbow          |       |       |       |    53 ||    53
Invok: Berserk           |     1 |     4 |    16 |    16 ||    37
       Trog's Hand       |       |     1 |     3 |     2 ||     6
       Brothers in Arms  |       |       |       |     2 ||     2
       Burn Spellbooks   |       |       |       |     1 ||     1
  Use: Scroll            |       |     5 |       |     8 ||    13
       Potion            |       |       |     1 |     2 ||     3
  Eat: Chunk             |     1 |    10 |    25 |    64 ||   100
       Fruit             |       |       |     3 |       ||     3
       Royal jelly       |       |       |     1 |       ||     1
Armor: Animal skin       |    37 |       |       |       ||    37
       Scale mail        |       |    68 |    63 |       ||   131
       Ring mail         |       |    11 |       |       ||    11
       Chain mail        |       |       |    44 |       ||    44
       Leather armour    |       |       |     6 |       ||     6
       Plate armour      |       |       |    92 |   239 ||   331
Dodge: Dodged            |    53 |    91 |   128 |   102 ||   374
       Deflected         |       |       |     4 |     7 ||    11
       Rpst.: Falchion   |    19 |    23 |       |       ||    42
       Long sword        |       |       |    32 |       ||    32
       Great sword       |       |       |     3 |    36 ||    39
